 Dungeon Crawl Stone Soup version 0.30.1-4-g462c640d31 (webtiles) character file.

Game seed: 933639531910596639

2 hawla the Firebug (level 1, -4/14 HPs)
             Began as a Meteoran Fire Elementalist on Aug 19, 2023.
             Slain by Eustachio
             ... wielding a +0 falchion
              (5 damage)
             ... on level 3 of the Dungeon.
             The game lasted 00:01:28 (112 turns).

hawla the Firebug (Meteoran Fire Elementalist)       Turns: 112, Time: 00:01:29

Health: -4/14      AC:  2    Str:  9    XL:     1   Next: 57%
Magic:  2/5        EV: 12    Int: 16    God:
Gold:   32         SH:  0    Dex: 14    Spells: 4/5 levels left

rFire   . . .        (no weapon)
rCold   . . .        (no shield)
rNeg    . . .        a - +0 robe
rPois   .            (no helmet)
rElec   .            (no cloak)
rCorr   .            (no gloves)
SInv    .            (no boots)
Will    .....        (no amulet)
Stlth   +            (no ring)
HPRegen 0.22/turn    (no ring)
MPRegen 0.09/turn

%: no passive effects
@: glowing
A: sense surroundings 1, otherworldly, glowing, explore regen
a: no special abilities


You were on level 3 of the Dungeon.
You visited 1 branch of the dungeon, and saw 4 of its levels.

You collected 32 gold pieces.

Inventory:

Armour
 a - a +0 robe (worn)
Potions
 b - a potion of magic


   Skills:
 + Level 2.4 Dodging
 - Level 1.4 Stealth
 + Level 2.7 Spellcasting
 + Level 1.2 Conjurations
 + Level 3.8 Fire Magic


You had 4 spell levels left.
You knew the following spells:

 Your Spells              Type           Power      Damage    Failure   Level
a - Foxfire               Conj/Fire      40%        2x1d6     7%          1

Your spell library contained the following spells:

 Spells                   Type           Power      Damage    Failure   Level
 Scorch                   Fire           28%        2d6       6%          2
 Inner Flame              Hex/Fire       8%         N/A       26%         3
 Volatile Blastmotes      Fire/Tloc      16%        2d11      26%         3
 Flame Wave               Conj/Fire      10%        2d6       56%         4
 Summon Cactus Giant      Summ           1%         N/A       100%        6


Dungeon Overview and Level Annotations

Branches:
Dungeon (4/15) Zot: 2287
 Temple: D:4-7

Altars:

Annotations:
D:3 Eustachio


Innate Abilities, Weirdness & Mutations

You passively map a small area around you.
You are easily found by Zot.
You glow in the dark.
You regain HP and MP as you explore.


Message History

Eustachio is moderately wounded.
The foxfire hits Eustachio.
Eustachio is moderately wounded.
Eustachio mumbles some strange words.
The foxfire hits Eustachio.
Eustachio is moderately wounded.
The foxfire hits Eustachio but does no damage.
Eustachio is moderately wounded.
There is a stone staircase leading up here.
Eustachio misses you.
You climb upwards.
The rat disappears in a puff of smoke!
There is a stone staircase leading down here.
Casting: Foxfire (safe; 7% risk of failure)
Confirm with . or Enter, or press ? or * to list all spells.
You don't know that spell.
Eustachio attacks as you move away! Eustachio hits you but does no damage.
Eustachio attacks as you move away! Eustachio barely misses you.
Eustachio gestures wildly while chanting.
Eustachio blinks!
Things that are here:
a +0 club; a goblin corpse Eustachio hits you with a +0 falchion!
Ouch! That really hurt!
* * * LOW HITPOINT WARNING * * *
Unknown command.
Casting: Foxfire (safe; 7% risk of failure)
Confirm with . or Enter, or press ? or * to list all spells.
You don't know that spell.
Casting: Foxfire (safe; 7% risk of failure)
Confirm with . or Enter, or press ? or * to list all spells.
You conjure some foxfire!
Eustachio gestures wildly while chanting.
You hit Eustachio.
Eustachio is moderately wounded.
The foxfire hits Eustachio.
Eustachio is moderately wounded.
The foxfire hits Eustachio.
Eustachio is heavily wounded.
Eustachio hits you with a +0 falchion.
You die...

##########
.........#
**########.#** *,
..#.# < * ** #.#.#
#5#####.#.# #
*#..5@)..#.##.#* *
#..@5.##>....#.. ,
#.....+..........
,
*#.#...##.###...##
, #.######.# .#...
#.##.######.# * #
#. #...........# *
*,
####.##<###.......
* ,#.<.......... *


You could see Eustachio, a crimson imp (summoned), a white imp (summoned) and a
shadow imp (summoned).

Vanquished Creatures
  A hobgoblin (D:4)
  A frilled lizard (D:3)
  A goblin (D:3)
3 creatures vanquished.

Vanquished Creatures (others)
  12 foxfires
12 creatures vanquished.

Grand Total: 15 creatures vanquished

Notes
Turn   | Place    | Note
-------+----------+-------------------------------------------
     0 | D:1      | hawla the Meteoran Fire Elementalist began the quest for
                  | the Orb.
     0 | D:1      | Reached XP level 1. HP: 14/14 MP: 5/5
    41 | D:1      | You fall into a shaft and drop 1 floor!
    95 | D:4      | Noticed Eustachio
   112 | D:3      | Noticed a crimson imp
   112 | D:3      | Slain by Eustachio

Illustrated notes

Levels and vault maps discovered:
D:1:      grunt_arrival_lava_bath, layout_basic, serial_shops,
          nicolae_shop_waterfront, minmay_gold_behind_fungi
D:2:      layout_basic
D:3:      layout_basic, mainiacjoe_overflow_cross_hatched
D:4:      layout_loops_cross, grunt_gozag_statues, uniq_eustachio, uniq_duvessa

Action                     || total
---------------------------++-------
  Melee: Unarmed           ||     1
   Cast: Foxfire           ||     7
 Armour: Robe              ||     1
  Dodge: Dodged            ||     2
